Map: Blackpink LE

Players

Algernon

  • Race: Terran Terran
  • League: Diamond
  • Spawn Location: 1:00

Yamapickle - Winner!

  • Race: Zerg Zerg
  • League: Diamond
  • Spawn Location: 7:00

VOD

Have the link to the VOD?

Description

Time

  • Played on: March 3, 2018, 10:43 a.m.
  • Length: 17:04
Show
View Real Time Build Order
Export as new Build Order

Algernon Terran 

Build Orders: Mech 

Get SALT Encoding   

  12  0:00  SCV  
  13  0:12  SCV  
  14  0:18  Supply Depot  
  14  0:25  SCV  
  15  0:40  SCV  
  16  0:45  Engineering Bay  
  16  0:52  SCV  
  17  1:04  SCV  
  18  1:16  SCV  
  19  1:25  Command Center  
  19  1:28  SCV  
  20  1:34  Barracks  
  20  1:40  SCV  
  21  1:50  Refinery  
  21  1:51  Refinery  
  21  1:52  SCV  
  22  2:07  SCV  
  23  2:09  Engineering Bay  
  23  2:22  Orbital Command  
  23  2:32  Marine  
  23  2:37  Factory  
  23  2:43  Supply Depot  
  23  2:50  SCV  
  24  3:01  Planetary Fortress  
  24  3:03  Marine  
  25  3:07  SCV  
  26  3:19  SCV  
  27  3:25  Marine, Missile Turret  
  28  3:29  Missile Turret  
  28  3:30  Starport, Factory Tech Lab  
  28  3:31  Missile Turret  
  28  3:37  Bunker  
  28  3:42  SCV  
  28  3:43  SCV  
  30  3:51  Siege Tank  
  33  4:07  Starport Tech Lab  
  33  4:16  Missile Turret  
  33  4:17  Missile Turret  
  33  4:19  Refinery  
  33  4:20  SCV  
  33  4:22  SCV, Refinery  
  35  4:32  SCV, Raven  
  38  4:39  SCV  
  39  4:47  SCV, Supply Depot  
  40  5:03  Command Center  
  40  5:04  SCV  
  40  5:05  SCV  
  42  5:15  Raven  
  42  5:16  SCV  
  42  5:20  Missile Turret  
  46  5:28  SCV x2  
  47  5:38  Supply Depot  
  47  5:41  SCV x2  
  47  5:42  Missile Turret  
  49  5:45  Starport  
  49  5:51  Hi-Sec Auto Tracking  
  49  5:53  SCV x2  
  51  6:00  Raven  
  51  6:04  Corvid Reactor  
  53  6:05  SCV x2  
  55  6:17  SCV x2  
  57  6:32  Missile Turret  
  57  6:38  Planetary Fortress  
  56  6:49  SCV x2  
  56  6:50  Missile Turret  
  56  6:52  Missile Turret  
  58  6:58  Starport Tech Lab  
  58  7:01  SCV x2  
  60  7:02  Starport  
  60  7:07  Factory  
  60  7:09  Factory  
  60  7:11  Refinery x2  
  60  7:13  SCV x2  
  60  7:14  Sensor Tower  
  60  7:15  SCV  
  63  7:18  Raven x2  
  67  7:25  SCV x2  
  67  7:27  SCV  
  70  7:30  Supply Depot  
  70  7:34  Building Armor  
  70  7:35  Supply Depot  
  70  7:40  SCV x2  
  70  7:41  SCV  
  70  7:42  Starport Tech Lab  
  73  7:50  Supply Depot  
  73  7:51  Missile Turret  
  73  7:52  SCV x2  
  73  7:57  Supply Depot  
  75  8:11  Factory Reactor x2  
  75  8:15  Command Center, Armory  
  75  8:16  Supply Depot  
  75  8:17  Raven  
  75  8:19  Raven  
  79  8:45  Raven  
  81  8:59  Raven  
  81  9:02  Raven  
  85  9:03  Missile Turret  
  85  9:06  SCV x3  
  85  9:07  Widow Mine x2  
  85  9:08  Widow Mine x3  
  98  9:26  Missile Turret  
  98  9:29  Widow Mine x2  
  98  9:30  Missile Turret  
  99  9:59  Missile Turret  
  97  10:02  Missile Turret  
  97  10:04  Refinery  
  97  10:13  Raven x3  
  103  10:22  Hellion x5  
  103  10:25  Infernal Pre-Igniter  
  103  10:28  Command Center  
  113  10:30  Command Center  
  111  10:43  Hellion  
  111  10:44  Hellion x4  
  111  10:46  Missile Turret x2  
  117  10:51  Missile Turret  
  117  10:52  Refinery  
  117  10:53  Missile Turret  
  113  11:13  Refinery  
  103  11:20  Hellion x3, Raven  
  103  11:21  Hellion, Raven x2  
  117  11:36  Planetary Fortress  
  115  11:48  SCV x2  
  116  12:03  Raven  
  111  12:10  SCV x3  
  111  12:11  Hellion  
  111  12:12  Hellion x4  
  124  12:19  Missile Turret  
  124  12:20  Missile Turret  
  124  12:22  SCV x2  
  125  12:23  Raven, Missile Turret  
  125  12:24  Refinery  
  125  12:28  Missile Turret  
  126  12:33  Hellion  
  126  12:35  SCV x3  
  126  12:47  SCV  
  126  12:48  Raven x2  
  131  12:55  Hellion  
  131  12:56  Hellion x2  
  137  13:08  Raven  
  139  13:13  SCV x3, Missile Turret  
  126  13:31  Raven  
  126  13:41  Hellion x4  
  130  13:46  Planetary Fortress  
  130  13:49  SCV x2  
  130  13:50  SCV, Refinery x2, Raven  
  130  13:51  Raven  
  129  14:09  Missile Turret  
  125  14:10  Missile Turret  
  125  14:13  Raven  
  127  14:19  Missile Turret x2  
  127  14:22  Missile Turret  
  123  14:44  SCV x2  
  123  14:45  Raven x2  
  129  14:46  Hellion  
  131  14:56  Hellion  
  131  14:57  Hellion  
  131  15:00  Hellion x2  
  121  15:14  SCV x3  
  115  15:20  Command Center  
  116  15:26  SCV x2, Refinery  
  118  15:31  Refinery  
  118  15:37  Missile Turret  
  118  15:39  Missile Turret  
  108  16:13  Raven x2  
  108  16:14  Raven  
  114  16:19  Missile Turret x2  
  114  16:22  Missile Turret  
  114  16:24  Refinery  
  114  16:25  Refinery, Missile Turret x2  
  108  16:26  Missile Turret  
  94  16:48  Missile Turret  
Show
View Real Time Build Order
Export as new Build Order

Yamapickle Zerg - Winner!

Build Orders: Hatch First 

Get SALT Encoding   

  12  0:01  Drone  
  13  0:12  Overlord  
  13  0:18  Drone  
  14  0:31  Drone x2  
  14  0:34  Drone  
  17  1:03  Drone x2  
  19  1:06  Extractor  
  18  1:12  Hatchery  
  18  1:17  Spawning Pool  
  16  1:21  Drone  
  16  1:23  Drone  
  18  1:29  Drone  
  19  1:49  Overlord  
  19  2:04  Queen  
  19  2:05  Zergling x2  
  19  2:08  Zergling x2, Metabolic Boost  
  23  2:16  Drone  
  24  2:25  Drone x2  
  26  2:37  Queen  
  26  2:38  Drone x2  
  26  2:42  Queen  
  26  2:44  Overlord  
  32  2:55  Zergling x4  
  34  3:05  Drone x2  
  36  3:12  Zergling x2  
  37  3:13  Zergling x2, Queen  
  37  3:19  Queen  
  42  3:25  Hatchery  
  41  3:32  Drone x2  
  41  3:33  Drone  
  44  3:48  Overlord x2  
  44  3:58  Overlord  
  44  3:59  Overlord  
  44  4:02  Overlord  
  44  4:05  Queen  
  44  4:07  Extractor, Drone x2  
  44  4:08  Drone  
  48  4:27  Pneumatized Carapace  
  48  4:31  Drone x3  
  50  4:32  Drone x6  
  57  4:40  Queen  
  59  4:53  Evolution Chamber, Drone x2  
  59  4:54  Baneling Nest  
  59  4:55  Evolution Chamber, Drone  
  59  5:03  Drone  
  60  5:08  Drone x6  
  66  5:16  Overlord  
  66  5:20  Lair  
  66  5:29  Zerg Missile Weapons Level 1  
  66  5:37  Drone x11  
  66  5:38  Drone  
  66  5:41  Extractor  
  66  5:42  Extractor  
  76  5:48  Drone x3  
  76  5:49  Drone x3  
  82  5:50  Overlord  
  82  5:53  Overlord  
  82  5:59  Zerg Ground Armor Level 1  
  82  6:05  Extractor  
  82  6:08  Extractor  
  80  6:14  Drone x3  
  80  6:15  Drone x2  
  80  6:16  Drone  
  80  6:18  Drone  
  87  6:30  Drone x2  
  87  6:32  Hydralisk Den, Hatchery  
  86  6:33  Spire  
  86  6:39  Overlord x3  
  83  7:03  Grooved Spines  
  83  7:04  Hydralisk x6  
  83  7:07  Extractor  
  94  7:09  Drone x3  
  94  7:12  Extractor, Drone x2  
  94  7:13  Drone  
  99  7:15  Hydralisk x2  
  99  7:16  Hydralisk x2  
  99  7:18  Overlord  
  107  7:32  Hydralisk x2  
  107  7:33  Hydralisk x4  
  119  7:40  Drone x3  
  122  7:44  Queen  
  122  7:48  Corruptor x2  
  128  7:51  Overseer  
  128  7:53  Overseer  
  127  8:02  Corruptor  
  127  8:03  Corruptor  
  120  8:06  Hydralisk x2  
  120  8:12  Overseer  
  124  8:14  Zerg Missile Weapons Level 2  
  124  8:15  Muscular Augments  
  124  8:32  Zergling x2  
  124  8:34  Corruptor x4  
  133  8:53  Corruptor  
  135  9:06  Zergling x2  
  135  9:07  Overlord  
  135  9:08  Overlord x3  
  136  9:17  Overlord x5  
  136  9:21  Zerg Ground Armor Level 2  
  136  9:22  Zerg Flyer Weapons Level 1  
  136  9:27  Infestation Pit  
  121  9:40  Hydralisk  
  121  9:41  Hydralisk x12  
  138  9:55  Hydralisk x6  
  150  10:05  Hydralisk  
  150  10:06  Hydralisk x3  
  148  10:11  Drone  
  149  10:20  Zergling x2  
  149  10:21  Hatchery  
  149  10:25  Hydralisk x6  
  160  10:35  Corruptor x3  
  164  10:40  Hatchery  
  159  10:50  Corruptor  
  159  10:51  Corruptor x6  
  173  11:02  Corruptor  
  173  11:03  Corruptor x2  
  159  11:11  Hydralisk  
  159  11:12  Hydralisk x3  
  153  11:30  Hive  
  153  11:43  Hydralisk x10  
  169  11:47  Hydralisk  
  169  11:48  Hydralisk  
  159  12:13  Hydralisk x5  
  159  12:14  Hydralisk x6  
  181  12:16  Drone, Queen  
  181  12:18  Overseer  
  169  12:37  Hydralisk x5  
  169  12:38  Hydralisk x4  
  175  12:45  Hydralisk x3  
  177  12:57  Zerg Melee Weapons Level 1  
  177  13:00  Zergling x18  
  177  13:03  Centrifical Hooks  
  185  13:14  Zergling x16  
  186  13:42  Zerg Missile Weapons Level 3  
  186  13:49  Baneling  
  186  13:50  Baneling x7  
  186  13:52  Overlord  
  186  13:53  Overlord x4  
  175  14:19  Corruptor  
  175  14:20  Corruptor x10  
  197  14:32  Drone x2  
  199  14:51  Extractor  
  199  14:52  Hatchery  
  177  15:00  Corruptor x5  
  177  15:02  Hydralisk  
  177  15:03  Hydralisk  
  160  15:20  Queen  
  162  15:27  Drone x2  
  164  15:30  Spine Crawler x2  
  161  15:46  Hydralisk x7  
  161  15:47  Hydralisk x2  
  151  16:00  Spine Crawler  
  151  16:01  Queen  
  152  16:14  Hatchery  
  151  16:24  Hydralisk  
  151  16:25  Hydralisk x2  
  139  16:33  Hydralisk  
  139  16:34  Hydralisk  
Tags
 
Composition
Mech
Matchup
TvZ
Spawn Locations
Cross Positions
Add a new tag
Caveats
  • Supply blocks, unpowered buildings, or Contaminate may cause inaccurate times.
  • Supply counts are checked every 10 seconds.